 Dungeon Crawl Stone Soup version 0.30-a0-1066-g63dfefce0d (webtiles) character file.

Game seed: 3185243138977741447

146789 ytrimaz the Bludgeoner (level 16, 0/127 HPs)
             Began as a Demonspawn Fighter on Apr 12, 2023.
             Was a High Priest of Jiyva.
             Blown up by an orb spider (43 damage)
             ... with an orb of destruction
             ... on level 4 of the Spider Nest on Apr 13, 2023.
             The game lasted 00:46:31 (24108 turns).

ytrimaz the Bludgeoner (Demonspawn Fighter)        Turns: 24108, Time: 00:46:32

Health: 0/127      AC: 26    Str: 22    XL:     16   Next: 60%
Magic:  3/16       EV: 14    Int: 18    God:    Jiyva [*****.]
Gold:   994        SH:  0    Dex: 20    Spells: 15/15 levels left

rFire   + . .      SeeInvis +    g - +12 great mace of Inconvenience {speed, rElec rN+ Dex+3}
rCold   . . .      Faith    .    (shield currently unavailable)
rNeg    + . .      Spirit   .    E - +8 chain mail of Articulation {Int+2 Dex+2}
rPois   +          Reflect  .    (helmet restricted)
rElec   +          Rampage  .    Y - +0 cloak
rCorr   +                        q - +1 pair of gloves
Will    +....                    (no boots) Stlth
                                 m - amulet of regeneration
HPRegen 2.65/turn                R - +4 ring of protection
MPRegen 0.60/turn                a - ring "Najase Deugi" {rElec rPois rCorr Int+6 SInv}

@: agile, calling ooze
A: powered by pain 3, spiny 2, sharp scales 1, demonic touch 2, horns 1, fire
resistance 1, sense surroundings 3, pseudopods 3
}: 1/15 runes: gossamer
a: Renounce Religion, Oozemancy, Slimify


You were on level 4 of the Spider Nest.
You worshipped Jiyva.
Jiyva was extremely pleased with you.
You visited 6 branches of the dungeon, and saw 32 of its levels.
You also visited: Ossuary.

You collected 2584 gold pieces.
You spent 1590 gold pieces at shops.


Innate Abilities, Weirdness & Mutations

You are powered by pain.
You are mostly covered in sharp spines.
You are partially covered in razor-sharp scales. (AC +1, Slay +1)
Your touch may inflict irresistible damage on your foes.
You have a pair of small horns on your head.
Your flesh is heat resistant. (rF+)
You passively map a large area around you.
Armour fits poorly on your massive pseudopods.


   Skills:
 + Level 12.2 Fighting
 - Level 8.5(15.0) Axes
 - Level 19.3(20.0) Maces & Flails
 + Level 15.1 Armour
 - Level 4.0 Shields


You had 15 spell levels left.
You didn't know any spells.
Your spell library contained the following spells:

 Spells                   Type           Power      Damage    Failure   Level
 Apportation              Tloc           0%         N/A       63%         1
 Sandblast                Erth           0%         2d4       63%         1
 Shock                    Conj/Air       0%         1d3       63%         1
 Passwall                 Tmut/Erth      0%         N/A       77%         2
 Call Canine Familiar     Summ           0%         N/A       94%         3
 Frozen Ramparts          Ice            0%         1d1       94%         3
 Hailstorm                Conj/Ice       0%         3d3       94%         3
 Ozocubu's Armour         Ice            0%         N/A       94%         3
 Portal Projectile        Hex/Tloc       0%         N/A       94%         3
 Stone Arrow              Conj/Erth      0%         3d7       94%         3
 Animate Armour           Summ/Erth      0%         N/A       100%        4
 Ice Form                 Ice/Tmut       0%         N/A       100%        4
 Leda's Liquefaction      Hex/Erth       0%         N/A       100%        4
 Summon Ice Beast         Ice/Summ       0%         N/A       100%        4
 Alistair's Intoxication  Tmut/Pois      0%         N/A       100%        5
 Iskenderun's Battlesphe  Conj           0%         2d6       100%        5
 Iron Shot                Conj/Erth      0%         9d1       100%        6
 Ozocubu's Refrigeration  Ice            0%         4d7       100%        7
 Spellforged Servitor     Conj/Summ      0%         N/A       100%        7
 Lehudib's Crystal Spear  Conj/Erth      0%         10d2      100%        8

Inventory:

Hand Weapons
 g - the +12 great mace of Inconvenience (weapon) {speed, rElec rN+ Dex+3}
   (You found it on level 9 of the Dungeon)

   Dex:       It affects your dexterity (+3).
   rElec:     It insulates you from electricity.
   rN:        It protects you from negative energy.
 k - the +5 mace of the Establishment {flame, rPois rC+ rCorr Int-5}
   (You found it on level 12 of the Dungeon)

   Int:       It affects your intelligence (-5).
   rC:        It protects you from cold.
   rPois:     It protects you from poison.
   rCorr:     It protects you from acid and corrosion.
 F - a +0 battleaxe
   (You found it on level 8 of the Dungeon)
Armour
 j - +0 storm dragon scales
   (You found it on level 2 of the Dungeon)
 q - a +1 pair of gloves (worn)
   (You bought it in a shop on level 2 of the Orcish Mines)
 E - the +8 chain mail of Articulation (worn) {Int+2 Dex+2}
   (You found it on level 15 of the Dungeon)

   Int:       It affects your intelligence (+2).
   Dex:       It affects your dexterity (+2).
 J - a +2 helmet
   (You took it off Robin on level 2 of the Dungeon)
 Y - a +0 cloak (worn)
   (You found it on level 4 of the Lair of Beasts)
Jewellery
 a - the ring "Najase Deugi" (right hand) {rElec rPois rCorr Int+6 SInv}
   (You found it on level 1 of the Orcish Mines)

   [ring of intelligence]

   Int:       It affects your intelligence (+6).
   rElec:     It insulates you from electricity.
   rPois:     It protects you from poison.
   SInv:      It lets you see invisible.
   rCorr:     It protects you from acid and corrosion.
 c - a +4 ring of protection
   (You found it on level 1 of the Orcish Mines)
 m - an amulet of regeneration (around neck)
   (You found it on level 1 of the Dungeon)
 A - an amulet of guardian spirit
   (You found it on level 7 of the Dungeon)
 G - the ring "Dechugh" {Str+6 Int+6}
   (You found it on level 8 of the Dungeon)

   [ring of intelligence]

   Str:       It affects your strength (+6).
   Int:       It affects your intelligence (+6).
 H - an amulet of reflection
   (You found it on level 8 of the Dungeon)
 L - a +4 ring of protection
   (You found it on level 11 of the Dungeon)
 N - a +5 ring of evasion
   (You found it on level 11 of the Dungeon)
 O - a +6 ring of strength
   (You found it on level 11 of the Dungeon)
 Q - an amulet of the acrobat
   (You found it on level 11 of the Dungeon)
 R - a +4 ring of protection (left hand)
   (You found it on level 1 of the Lair of Beasts)
 S - an amulet of faith
   (You found it on level 2 of the Lair of Beasts)
 V - a ring of protection from fire
   (You found it on level 5 of the Lair of Beasts)
 W - a ring of protection from cold
   (You found it on level 2 of the Spider Nest)
Wands
 y - a wand of polymorph (10) (quivered)
   (You found it on level 15 of the Dungeon)
 C - a wand of flame (52)
   (You found it on level 7 of the Dungeon)
 D - a wand of roots (14)
   (You found it on level 7 of the Dungeon)
 K - a wand of paralysis (13)
   (You found it on level 11 of the Dungeon)
 Z - a wand of quicksilver (7)
   (You found it on level 13 of the Dungeon)
Scrolls
 b - 3 scrolls of amnesia
 n - a scroll of silence
 s - a scroll of enchant weapon
 t - 5 scrolls of teleportation
 w - 4 scrolls of fear
 z - 6 scrolls of magic mapping
 B - 2 scrolls of enchant armour
 P - 3 scrolls of torment
 T - a scroll of fog
 X - a scroll of identify
Potions
 d - 5 potions of might
 e - 12 potions of curing
 f - 6 potions of mutation
 h - a potion of invisibility
 i - a potion of heal wounds
 l - 5 potions of ambrosia
 o - a potion of magic {unknown}
 p - 6 potions of brilliance
 r - 3 potions of berserk rage
 u - 7 potions of flight
 v - 8 potions of haste
 x - 4 potions of cancellation
 I - 5 potions of attraction
 M - a potion of lignification
 U - 2 potions of resistance

Dungeon Overview and Level Annotations

Branches:
Dungeon (15/15) Zot: 25608  Temple (1/1) D:7 Zot: 5918    Lair (5/5) D:8 Zot: 24524
  Swamp (0/4) Lair:2       Spider (4/4) Lair:3 Zot: 21305   Slime (5/5) Lair:5 Zot: 26468
    Orc (2/2) D:11 Zot: 10634     Elf (0/3) Orc:2        Vaults (0/5) D:14
 Depths (0/4) D:15        Ossuary (visited)

Altars:
Ashenzari
Cheibriados
Dithmenos
Fedhas
Gozag
Hepliaklqana
Kikubaaqudgha
Makhleb
Nemelex Xobeh
Okawaru
Qazlal
Ru
Sif Muna
Trog
Uskayaw
Vehumet
Xom
Yredelemnul
Jiyva

Shops:
D:5 (   D:12 ?   D:13 ?   Orc:2 (([[

Portals:
Abyss: D:5
Trove: D:12 (give 15 scrolls of teleportation)

Annotations:
D:5 2 transporters, TheSexyCheese's ghost, novice GnFE
Lair:4 1 runed translucent door, BlueFalcon's ghost, journeyman DrCj
Slime:5 Royal Jelly

.###.^^#..^#...***,,,**,,,,,,,,,,
..#....^....^..,*,...#...,,,,,,,*
...^.......^.........'...*,,,,,,*
.........^...........'..,,,,,,,,,
.^..^.....^.^...s....'.,,,,*,,,,,
..#....^.....^.^#,...#,,,,,,,,,,,
.###...#..)#^^s###...#*,,,,,,*,,,
..#.†.###.###.†.#)...#*,,,,,,,,,,
.......#...#..s°@..#***,,,,,,,,,,
#...........†...○.##,,*,,*,,,,,,,
##.......^......†##,,,*,,,,,,,,,,
........###.....##,,,**^,,,*,,,,,
)..[..###,###......,**,,,,,,,,,,,
####.....,,........#*,,,,,,,,,*,,
# ##.........######^,,,,,,,,,,,,
###########****,,,,,,,,,,,,,,
***^,,,,,,,,,,,,,,,,


You could see 2 orb spiders.


Message History

Unknown command.
A meliai comes into view.
It is wielding a +2 scimitar of holy wrath.
The ghost moth is struck by your spines.
The ghost moth hits you but does no damage.
The ghost moth completely misses you.
The ghost moth stings you but does no damage.
The walls burn the orb spider! x3; The walls burn the meliai!
The meliai mumbles some strange prayers to its god against you.
Something smites you! The ghost moth stares at you.
You feel your power leaking away.
The ghost moth is struck by your spines.
The ghost moth hits you!
* * * LOW HITPOINT WARNING * * *
The ghost moth misses you. The ghost moth barely misses you.
You see here a demonic crawler corpse. 😨 HP[-15] MP[-12]
You take 15 damage, and now have 61/127 hp.
You lost 12 mp, and now have 4/16 mp.
Unknown command.
You bludgeon the meliai!!
You kill the meliai!
The walls burn the orb spider!
The orb spider weaves a glowing orb of energy.
The wall burns the orb spider!
The orb spider weaves a glowing orb of energy. 2 orbs of destruction come into view. 😨 HP[+1] Unknown command.
Unknown command.
The wall burns the redback!
The wavering orb of destruction hits you!!
* * * LOW HITPOINT WARNING * * *
The wavering orb of destruction hits you!
* * * LOW HITPOINT WARNING * * *
The ghost moth stares at you.
You feel your power leaking away.
The wall burns the orb spider!
The orb spider pulsates with a strange energy.
The wall burns the redback! 😨 HP[-27] MP[-4]
You take 27 damage, and now have 35/127 hp.
MASSIVE DAMAGE!! (PAUSE)
You lost 4 mp, and now have 0/16 mp.
You hit the orb spider. You bludgeon the orb spider.
The wall burns the ghost moth!
The ghost moth hits you but does no damage. x2
The ghost moth stings you but does no damage.
The walls burn the orb spider!
The orb spider pulsates with a strange energy.
The walls burn the redback! 😨 HP[+1] Unknown command.
You sock the orb spider!
You kill the orb spider!
The wall burns the orb spider!
You kill the orb spider!
The wall burns the orb spider!
The wall burns the ghost moth!
The ghost moth hits you but does no damage.
The ghost moth barely misses you.
The ghost moth completely misses you. 😨 HP[+1] MP[+1] Unknown command.
You bludgeon the ghost moth!! You bludgeon the ghost moth!
The wall burns the redback!
The redback closely misses you.
The wall burns the orb spider! 😨 HP[+2]
You regained 2 hp, and now have 39/127 hp.
Unknown command.
You closely miss the ghost moth.
The wall burns the orb spider!
The wall burns the redback!
The redback misses you.
The wall burns the ghost moth!
The ghost moth barely misses you. The ghost moth hits you.
* * * LOW HITPOINT WARNING * * *
The ghost moth barely misses you.
The wall burns the orb spider! 😨 HP[-2]
You take 2 damage, and now have 37/127 hp.
You closely miss the ghost moth. You bludgeon the ghost moth.
The orb spider weaves a glowing orb of energy.
The wall burns the redback!
The redback bites you but does no damage.
An orb of destruction comes into view. 😨 HP[+1] Unknown command.
You closely miss the ghost moth. You headbutt the ghost moth.
You bludgeon the ghost moth, but do no damage.
The wall burns the ghost moth!
The ghost moth is struck by your spines.
The ghost moth hits you but does no damage. x2
The ghost moth barely misses you.
The wall burns the orb spider! 😨 HP[+1] MP[+1] Unknown command.
You bludgeon the ghost moth!!
You kill the ghost moth!
The wall burns the redback!
You kill the redback! 😨 HP[+2]
You regained 2 hp, and now have 41/127 hp.
Unknown command.
The orb of destruction hits you!!!
You die...

Skill      XL: |  1  2  3  4  5  6  7  8  9 10 11 12 13 14 15 16 |
---------------+-------------------------------------------------+-----
Axes           | 2 3 4 5 7 8 |  8.5
Shields        | 3 4 |  4.0
Armour         | 5 7 9 11 14 15 | 15.1
Fighting       | 5 8 10 12 | 12.2
Maces & Flails | 2 3 10 14 17 19 | 19.3

Action                     |  1- 3 |  4- 6 |  7- 9 | 10-12 | 13-15 | 16-18 || total
---------------------------+-------+-------+-------+-------+-------+-------++-------
  Melee: War axe           |    96 |   104 |   221 |    95 |       |       ||   516
         Touch             |       |       |    43 |    19 |       |       ||    62
         Punch             |       |       |     3 |       |       |       ||     3
         Great mace        |       |       |       |   399 |   930 |   195 ||  1524
         Pseudopods        |       |       |       |       |    57 |    50 ||   107
         Headbutt          |       |       |       |       |       |    35 ||    35
 Invoke: Oozemancy         |       |       |       |       |     3 |     2 ||     5
  Evoke: Wand              |       |       |     3 |     8 |       |     4 ||    15
    Use: Scroll            |     8 |     6 |     1 |     4 |    14 |     1 ||    34
         Potion            |       |     3 |     1 |     5 |     1 |     3 ||    13
   Stab: Paralysed         |       |       |     3 |       |       |       ||     3
 Armour: Scale mail        |    58 |     7 |       |       |       |       ||    65
         Storm dragon scal |       |    72 |   137 |   454 |   523 |       ||  1186
         Chain mail        |       |       |       |       |   198 |   167 ||   365
  Dodge: Dodged            |    58 |    41 |    92 |   250 |   408 |   148 ||   997
  Block: Buckler           |    23 |    30 |       |       |       |       ||    53

Levels and vault maps discovered:
D:1:      amcnicky_arrival_blooded_trapdoor, layout_basic, serial_bayou_crossing
D:2:      layout_basic, hellmonk_ecumenical_altar_lost_god,
          hangedman_glass_teeth, uniq_robin
D:3:      layout_basic, minivault_14
D:4:      layout_rooms, nicolae_ossuary_entry_false_entrances, uniq_pikel
D:5:      layout_cave_pods, gammafunk_ghost_abyssal_escape, serial_shops, shop
D:6:      layout_cave_pools, nicolae_overflow_hidden_temple,
          mainiacjoe_overflow_large_starburst, serial_bayou,
          serial_bayou_ford_a, serial_bayou_lake_a, serial_bayou_shore_b,
          nicolae_kite_square_tiling_tiny
D:7:      layout_basic, old_standard_altar, minmay_temple_entry_offerings,
          minmay_misc_feat_hallway, roderic_lattice_a, uniq_duvessa
D:8:      layout_basic, david_lair_generic
D:9:      layout_roguey, nzn_overflow_gifts_of_might_and_magic
D:10:     layout_basic, uniq_amaemon
D:11:     layout_gridville, hiddenorc1_lemuel, uniq_gastronok
D:12:     layout_gridville, nicolae_trove_entry_path_of_doom, serial_shops,
          shop, minmay_strange_pillars, hangedman_decor_points, zin_angel
D:13:     layout_roguey, minivault_11, chequers_jeans,
          chequers_serial_rivers_micro_e, nicolae_nh_oracle_at_delphi
D:14:     layout_gridville, david_vaults_1, yredelemnul_altar_generic,
          trog_butcher_becter
D:15:     grunt_enter_depths_giant_problem, layout_cave_pods,
          nicolae_two_hexagons, hangedman_decor_riveting, door_vault,
          uniq_jorgrun
Temple:   nicolae_temple_bog_church
Lair:1:   layout_regular_city, basic_altar, minivault_26
Lair:2:   regret_index_tunnel_blossom, layout_gridlike,
          skrybe_swamp_entry_bodies, serial_bayou_shore_b
Lair:3:   layout_regular_city, spider_nest_entry_a
Lair:4:   nzn_winding_woodlands_stair_trap
          [nzn_winding_woodlands_5x15_river_crossing,
          nzn_winding_woodlands_5x15_default, nzn_winding_woodlands_5x15_twine,
          nzn_winding_woodlands_15x15_five_gardens,
          nzn_winding_woodlands_5x15_sawtooth,
          nzn_winding_woodlands_5x15_jagged,
          nzn_winding_woodlands_5x15_split_checker], layout_small_grid,
          ebering_ghost_inner_flame
Lair:5:   minmay_lair_end_frog_pond, layout_gridlike, slime_entry_1
Spider:1: layout_spider_delve
Spider:2: layout_spider_delve, uniq_aizul, uniq_arachne
Spider:3: layout_spider_delve
Spider:4: johnstein_spider_rune_arachne_lair, special_room [special_room_bee],
          portal_ice_cave_entry_dragon
Slime:1:  layout_caves, basic_altar
Slime:2:  layout_caves
Slime:3:  layout_caves
Slime:4:  layout_caves
Slime:5
Orc:1:    layout_diamond_mine, gammafunk_ghost_berserking_beasts
Orc:2:    st_orc_town, layout_caves, minmay_orc_temple_a

Notes
Turn   | Place    | Note
-------+----------+-------------------------------------------
     0 | D:1      | ytrimaz the Demonspawn Fighter began the quest for the Orb.
     0 | D:1      | Reached XP level 1. HP: 18/18 MP: 1/1
     0 | D:1      | magus.rc [v1.9.6]
    29 | D:1      | Reached skill level 2 in Axes
   203 | D:1      | Gained mutation: You sometimes gain a little power by
                  | taking damage. [demonic ancestry]
   203 | D:1      | Reached XP level 2. HP: 24/24 MP: 2/2
   849 | D:2      | Found a faded altar of an unknown god.
   852 | D:2      | You pick up a book of Party Tricks and begin reading...
   852 | D:2      | You add the spells Apportation and Alistair's Intoxication
                  | to your library.
   872 | D:2      | Reached skill level 3 in Axes
   878 | D:2      | Reached XP level 3. HP: 28/29 MP: 3/3
   944 | D:2      | Noticed Robin
   953 | D:2      | Killed Robin
  1249 | D:2      | Reached skill level 4 in Axes
  1249 | D:2      | Gained mutation: You sometimes gain power by taking damage.
                  | [demonic ancestry]
  1249 | D:2      | Reached XP level 4. HP: 35/35 MP: 4/4
  2253 | D:4      | Noticed a scorpion
  2260 | D:4      | Killed a scorpion
  2261 | D:4      | Reached skill level 3 in Shields
  2261 | D:4      | Reached XP level 5. HP: 26/41 MP: 5/5
  2370 | D:4      | Reached skill level 4 in Shields
  2411 | D:4      | Found a sand-covered staircase.
  2424 | D:4      | Reached skill level 5 in Axes
  2424 | D:4      | Gained mutation: You are powered by pain. [demonic
                  | ancestry]
  2424 | D:4      | Reached XP level 6. HP: 43/47 MP: 6/6
  2504 | Ossuary  | Entered an ossuary
  2713 | D:4      | Reached skill level 6 in Axes
  2850 | D:4      | Noticed Pikel
  2863 | D:4      | Killed Pikel
  2864 | D:4      | Reached skill level 7 in Axes
  2864 | D:4      | Gained mutation: Your touch may inflict minor irresistible
                  | damage on your foes. [demonic ancestry]
  2864 | D:4      | Reached XP level 7. HP: 23/52 MP: 7/7
  2974 | D:5      | Entered Level 5 of the Dungeon
  3156 | D:5      | Noticed TheSexyCheese's ghost (novice GnFE)
  3393 | D:5      | Found Bosaet's Weapon Emporium.
  3397 | D:5      | Reached skill level 8 in Axes
  3397 | D:5      | Gained mutation: Your touch may inflict irresistible damage
                  | on your foes. [demonic ancestry]
  3397 | D:5      | Reached XP level 8. HP: 55/58 MP: 8/8
  3411 | D:5      | Found a transporter.
  3452 | D:5      | Found a transporter.
  3513 | D:5      | Found a one-way gate to the infinite horrors of the Abyss.
  3840 | D:6      | Reached skill level 3 in Armour
  3870 | D:6      | Reached skill level 4 in Fighting
  3870 | D:6      | Found a hazy altar of Hepliaklqana.
  3870 | D:6      | Found a snail-covered altar of Cheibriados.
  3881 | D:6      | Found a burning altar of Makhleb.
  3902 | D:6      | Reached skill level 4 in Armour
  3926 | D:6      | Found a hide-covered altar of Uskayaw.
  4171 | D:6      | Reached skill level 5 in Fighting
  4372 | D:6      | Reached skill level 5 in Armour
  4448 | D:6      | Reached XP level 9. HP: 64/68 MP: 9/9
  4568 | D:6      | Found a shadowy altar of Dithmenos.
  4643 | D:6      | Found a shimmering altar of Xom.
  4734 | D:7      | Reached skill level 6 in Fighting
  4751 | D:7      | Noticed Duvessa
  4751 | D:7      | Noticed Dowan
  4760 | D:7      | Killed Duvessa
  4760 | D:7      | Killed Dowan
  4854 | D:7      | Reached skill level 6 in Armour
  4953 | D:7      | Found an ancient bone altar of Kikubaaqudgha.
  5072 | D:7      | Found a staircase to the Ecumenical Temple.
  5093 | Temple   | Entered the Ecumenical Temple
  5178 | D:7      | You pick up a book of the Hunter and begin reading...
  5178 | D:7      | You add the spells Call Canine Familiar, Portal Projectile
                  | and Leda's Liquefaction to your library.
  5579 | D:8      | Reached skill level 7 in Fighting
  5775 | D:8      | Noticed an elephant
  5812 | D:8      | Reached skill level 7 in Armour
  5824 | D:8      | Found a staircase to the Lair.
  5838 | D:8      | Killed an elephant
  5839 | D:8      | Reached skill level 8 in Fighting
  5895 | D:8      | Reached XP level 10. HP: 40/80 MP: 10/10
  5949 | D:8      | Identified the ring "Dechugh" {Str+6 Int+6}
  6942 | D:9      | Reached skill level 8 in Armour
  7058 | D:9      | You pick up a book of Rime and begin reading...
  7058 | D:9      | You add the spells Frozen Ramparts, Ice Form and Summon Ice
                  | Beast to your library.
  7139 | D:9      | Noticed a two-headed ogre
  7149 | D:9      | Killed a two-headed ogre
  7150 | D:9      | Reached skill level 9 in Fighting
  7274 | D:9      | Identified the +12 great mace of Inconvenience {speed,
                  | rElec rN+ Dex+3}
  7347 | D:9      | Found a shimmering blue altar of Sif Muna.
  7362 | D:9      | You add the spells Shock and Hailstorm to your library.
  7362 | D:9      | Got Sif Muna's Meditations on Algor and the Nimbus
  7368 | D:9      | Found a bloodstained altar of Trog.
  7573 | D:9      | Reached skill level 1 in Maces & Flails
  7583 | D:9      | Reached skill level 9 in Armour
  7830 | D:10     | Entered Level 10 of the Dungeon
  7895 | D:10     | Noticed Amaemon
  7895 | D:10     | Noticed an orange demon
  7917 | D:10     | Killed Amaemon
  7918 | D:10     | Reached skill level 10 in Fighting
  7918 | D:10     | Reached skill level 2 in Maces & Flails
  7920 | D:10     | Killed an orange demon
  7929 | D:10     | Gained mutation: You are partially covered in sharp spines.
                  | [demonic ancestry]
  7929 | D:10     | Reached XP level 11. HP: 30/91 MP: 11/11
  7931 | D:10     | Reached skill level 3 in Maces & Flails
  8275 | D:10     | Noticed a two-headed ogre
  8279 | D:10     | Killed a two-headed ogre
  9035 | D:11     | Found a staircase to the Orcish Mines.
  9108 | D:11     | Reached skill level 10 in Armour
  9176 | D:11     | Noticed Gastronok
  9183 | D:11     | Reached skill level 11 in Fighting
  9188 | D:11     | Killed Gastronok
  9290 | Lair:1   | Entered Level 1 of the Lair of Beasts
  9393 | Lair:1   | Found a stormy altar of Qazlal.
  9612 | Lair:1   | Reached skill level 12 in Fighting
  9612 | Lair:1   | Reached skill level 11 in Armour
 10207 | Lair:2   | Gained mutation: You are mostly covered in sharp spines.
                  | [demonic ancestry]
 10207 | Lair:2   | Reached XP level 12. HP: 63/102 MP: 12/12
 10230 | Lair:2   | Reached skill level 12 in Armour
 10287 | Lair:2   | Identified the +5 rapier of the Twenty Beggars {venom,
                  | Will+}
 10350 | Lair:2   | Identified the +2 leather armour "Suuciheu" {Fly rN+}
 10363 | Lair:2   | You pick up a book of Power and begin reading...
 10363 | Lair:2   | You add the spells Iskenderun's Battlesphere, Iron Shot and
                  | Spellforged Servitor to your library.
 10444 | Lair:2   | magus.rc [v1.9.6]
 10607 | Lair:2   | Reached skill level 13 in Armour
 10648 | Lair:2   | You fall into a shaft and drop 1 floor!
 10871 | Lair:3   | Found a hole to the Spider Nest.
 11053 | Lair:3   | Reached skill level 14 in Armour
 11770 | Lair:4   | Noticed a five-headed hydra
 11781 | Lair:4   | Killed a five-headed hydra
 11786 | Lair:4   | Reached XP level 13. HP: 47/108 MP: 13/13
 11859 | Lair:4   | Identified the +6 shortbow of the Blind Eye {drain, Str+4
                  | Int+3}
 11937 | Lair:4   | Reached skill level 4 in Maces & Flails
 11937 | Lair:4   | Reached skill level 15 in Armour
 12173 | Lair:4   | Found a runed translucent door.
 12174 | Lair:4   | Noticed BlueFalcon's ghost (journeyman DrCj)
 12590 | Lair:5   | Entered Level 5 of the Lair of Beasts
 12606 | Lair:5   | Reached skill level 5 in Maces & Flails
 12672 | Lair:5   | Found a viscous altar of Jiyva.
 12673 | Lair:5   | Found a staircase to the Slime Pits.
 12718 | Lair:5   | Reached skill level 6 in Maces & Flails
 12805 | Lair:5   | Reached skill level 7 in Maces & Flails
 12896 | Lair:5   | Reached skill level 8 in Maces & Flails
 12998 | Lair:5   | You add the spells Ozocubu's Armour and Ozocubu's
                  | Refrigeration to your library.
 13023 | Lair:5   | Reached skill level 9 in Maces & Flails
 13360 | Lair:5   | Reached skill level 10 in Maces & Flails
 13882 | Lair:5   | Became a worshipper of Jiyva Jausme the Shapeless
 13989 | Lair:2   | Found a staircase to the Swamp.
 13992 | Lair:2   | Gained mutation: You are partially covered in razor-sharp
                  | scales. (AC +1, Slay +1) [demonic ancestry]
 13992 | Lair:2   | Reached XP level 14. HP: 115/115 MP: 14/14
 14693 | Orc:1    | Entered Level 1 of the Orcish Mines
 14787 | Orc:1    | Reached * piety under Jiyva
 14798 | Orc:1    | Reached skill level 11 in Maces & Flails
 14851 | Orc:1    | Found a transporter.
 14861 | Orc:1    | Noticed BleedingAnus's ghost (journeyman MiFi)
 14927 | Orc:1    | Found a transporter.
 15220 | Orc:2    | Entered Level 2 of the Orcish Mines
 15332 | Orc:2    | Found a staircase to the Elven Halls.
 15409 | Orc:2    | Found Roilios's Weapon Boutique.
 15409 | Orc:2    | Found Cichiy's Antique Weapon Shoppe.
 15470 | Orc:2    | Found Ruleel's Antique Armour Shoppe.
 15490 | Orc:2    | Bought a pair of glowing gloves for 210 gold pieces
 15490 | Orc:2    | Bought a jewelled plate armour for 784 gold pieces
 15490 | Orc:2    | Identified the +0 plate armour of Focus {+Blink Int+4} (You
                  | bought it in a shop on level 2 of the Orcish Mines)
 15495 | Orc:2    | Found Dikumied's Antique Armour Boutique.
 15573 | Orc:2    | Reached ** piety under Jiyva
 15888 | Orc:2    | Bought a smelly chain mail for 218 gold pieces
 15888 | Orc:2    | Identified the +9 chain mail "Ybuss" {*Corrode Will+ Int+3
                  | Stlth+} (You bought it in a shop on level 2 of the Orcish
                  | Mines)
 15888 | Orc:2    | Bought a glowing hat for 161 gold pieces
 15888 | Orc:2    | Bought a scorched leather armour for 161 gold pieces
 15888 | Orc:2    | Identified the +3 leather armour of Pucvesma {Int+3} (You
                  | bought it in a shop on level 2 of the Orcish Mines)
 15971 | Orc:1    | Reached skill level 12 in Maces & Flails
 15981 | Orc:1    | HP: 43/172 [warg (2)]
 15983 | Orc:1    | HP: 19/172 [BleedingAnus's ghost (17)]
 15990 | Orc:1    | HP: 17/172 [warg (7)]
 15999 | Orc:1    | Killed BleedingAnus's ghost
 16006 | Orc:1    | Identified the +1 scale mail of Udoxovi {rF+}
 16007 | Orc:1    | Identified the ring "Najase Deugi" {rElec rPois rCorr Int+6
                  | SInv}
 16309 | D:12     | Reached *** piety under Jiyva
 16317 | D:12     | Identified the +5 mace of the Establishment {flame, rPois
                  | rC+ rCorr Int-5}
 16395 | D:12     | Gained mutation: Your flesh is heat resistant. (rF+)
                  | [Jiyva's grace]
 16395 | D:12     | Gained mutation: Your flesh is very heat resistant. (rF++)
                  | [Jiyva's grace]
 16395 | D:12     | Gained mutation: Your flesh is almost immune to the effects
                  | of heat. (rF+++) [Jiyva's grace]
 16395 | D:12     | Gained mutation: You have a pair of small antennae on your
                  | head. [Jiyva's grace]
 16399 | D:12     | You fall into a shaft and drop 2 floors!
 16482 | D:14     | Found a basalt altar of Yredelemnul.
 16590 | D:14     | Found a gate to the Vaults.
 16738 | D:13     | Reached skill level 13 in Maces & Flails
 16859 | D:12     | Noticed an angel
 17010 | D:12     | Found a portal to a secret trove of treasure.
 17025 | D:12     | Reached **** piety under Jiyva
 17048 | D:12     | This trove needs 15 scrolls of teleportation to function.
                  | Give it the items?
 17145 | D:12     | Found Iguecuid's Magic Scroll Shop.
 17417 | D:13     | You pick up a book of Armaments and begin reading...
 17417 | D:13     | You add the spells Stone Arrow, Animate Armour and
                  | Lehudib's Crystal Spear to your library.
 17632 | D:13     | You pick up a book of Geomancy and begin reading...
 17632 | D:13     | You add the spells Sandblast and Passwall to your library.
 17637 | D:13     | Found The Oracle's Delphic Readings.
 17667 | D:13     | Bought a scroll of identify for 28 gold pieces
 17667 | D:13     | Bought a scroll of identify for 28 gold pieces
 18042 | D:14     | Reached skill level 14 in Maces & Flails
 18087 | D:14     | Found a bloodstained altar of Trog.
 18130 | D:14     | Reached ***** piety under Jiyva
 18249 | D:14     | Lost mutation: You have a pair of small antennae on your
                  | head. [Jiyva's grace]
 18249 | D:14     | Lost mutation: Your flesh is almost immune to the effects
                  | of heat. (rF+++) [Jiyva's grace]
 18249 | D:14     | Lost mutation: Your flesh is very heat resistant. (rF++)
                  | [Jiyva's grace]
 18249 | D:14     | Gained mutation: Armour fits poorly on your pseudopods.
                  | [Jiyva's grace]
 18249 | D:14     | Gained mutation: Armour fits poorly on your large
                  | pseudopods. [Jiyva's grace]
 18249 | D:14     | Gained mutation: Armour fits poorly on your massive
                  | pseudopods. [Jiyva's grace]
 18249 | D:14     | Gained mutation: Your translucent skin slightly reduces
                  | your foes' accuracy. (Stealth+) [Jiyva's grace]
 18297 | D:15     | Entered Level 15 of the Dungeon
 18393 | D:15     | Found a staircase to the Depths.
 18393 | D:15     | Noticed a stone giant
 18412 | D:15     | Killed a stone giant
 18497 | D:15     | Found a huge runed gate.
 18529 | D:15     | Found a huge runed gate.
 18529 | D:15     | Found a huge runed gate.
 18530 | D:15     | Found a huge runed gate.
 18530 | D:15     | Found a huge runed gate.
 18531 | D:15     | Found a huge runed gate.
 18531 | D:15     | Found a huge runed gate.
 18532 | D:15     | Found a huge runed gate.
 18533 | D:15     | Found a huge runed gate.
 18534 | D:15     | Found a huge runed gate.
 18535 | D:15     | Found a huge runed gate.
 18536 | D:15     | Found a huge runed gate.
 18704 | D:15     | Reached XP level 15. HP: 110/120 MP: 15/15
 19032 | D:15     | Noticed Jorgrun
 19038 | D:15     | Killed Jorgrun
 19039 | D:15     | Reached skill level 15 in Maces & Flails
 19095 | D:15     | Found a huge runed gate.
 19095 | D:15     | Found a huge runed gate.
 19095 | D:15     | Found a huge runed gate.
 19097 | D:15     | Found a huge runed gate.
 19097 | D:15     | Found a huge runed gate.
 19098 | D:15     | Found a huge runed gate.
 19100 | D:15     | Found a huge runed gate.
 19112 | D:15     | Found a huge runed gate.
 19112 | D:15     | Found a huge runed gate.
 19112 | D:15     | Found a huge runed gate.
 19112 | D:15     | Found a huge runed gate.
 19113 | D:15     | Found a huge runed gate.
 19114 | D:15     | Found a huge runed gate.
 19115 | D:15     | Found a huge runed gate.
 19116 | D:15     | Found a huge runed gate.
 19117 | D:15     | Found a huge runed gate.
 19125 | D:15     | Found a huge runed gate.
 19125 | D:15     | Found a huge runed gate.
 19125 | D:15     | Found a huge runed gate.
 19125 | D:15     | Found a huge runed gate.
 19125 | D:15     | Found a huge runed gate.
 19126 | D:15     | Found a huge runed gate.
 19127 | D:15     | Found a huge runed gate.
 19128 | D:15     | Found a huge runed gate.
 19199 | D:15     | Noticed a frost giant
 19199 | D:15     | Noticed a tengu reaver
 19349 | D:15     | HP: 30/120 [vampire knight/+2 long sword (23)]
 19350 | D:15     | magus.rc [v1.9.6]
 19383 | D:15     | Killed a frost giant
 19423 | D:15     | Killed a tengu reaver
 19521 | D:15     | Identified the +8 chain mail of Articulation {Int+2 Dex+2}
 19523 | D:15     | Identified the staff of conjuration "Fuluetae" {rC+}
 19819 | Slime:1  | Entered Level 1 of the Pits of Slime
 19819 | Slime:1  | Noticed an azure jelly
 19830 | Slime:1  | Noticed an azure jelly
 19841 | Slime:1  | Noticed a rockslime
 19844 | Slime:1  | Noticed an azure jelly
 19845 | Slime:1  | Noticed an acid blob
 19966 | Slime:2  | Noticed an azure jelly
 19975 | Slime:2  | Noticed an acid blob
 19995 | Slime:2  | Noticed an azure jelly
 19998 | Slime:2  | Noticed an azure jelly
 20066 | Slime:2  | Noticed an azure jelly
 20102 | Slime:2  | Noticed an acid blob
 20141 | Slime:2  | Noticed an acid blob
 20192 | Slime:3  | Noticed an azure jelly
 20197 | Slime:3  | Noticed an acid blob
 20199 | Slime:3  | Noticed an acid blob
 20207 | Slime:3  | Noticed an acid blob
 20223 | Slime:3  | Noticed a rockslime
 20267 | Slime:3  | Noticed an acid blob
 20393 | Slime:4  | Noticed an acid blob
 20463 | Slime:4  | Noticed a rockslime
 20477 | Slime:4  | Noticed a rockslime
 20518 | Slime:4  | Noticed an acid blob
 20621 | Slime:5  | Entered Level 5 of the Pits of Slime
 20621 | Slime:5  | Noticed a rockslime
 20624 | Slime:5  | Noticed an acid blob
 20624 | Slime:5  | Noticed an acid blob
 20625 | Slime:5  | Noticed an azure jelly
 20626 | Slime:5  | Noticed an acid blob
 20633 | Slime:5  | Noticed an acid blob
 20635 | Slime:5  | Found a viscous altar of Jiyva.
 20635 | Slime:5  | Noticed the Royal Jelly
 20635 | Slime:5  | Noticed an azure jelly
 20657 | Slime:5  | Noticed an azure jelly
 20676 | Slime:5  | Noticed a rockslime
 20694 | Slime:5  | Noticed an azure jelly
 20716 | Slime:5  | Noticed an acid blob
 20786 | Slime:5  | Noticed an acid blob
 20852 | Slime:5  | Noticed an azure jelly
 20853 | Slime:5  | Noticed an acid blob
 20895 | Slime:5  | Noticed an acid blob
 21030 | Slime:1  | Found a viscous altar of Jiyva.
 21224 | Spider:1 | Entered Level 1 of the Spider Nest
 21255 | Spider:1 | Reached skill level 16 in Maces & Flails
 21344 | Spider:1 | HP: 30/120 [culicivora (14)]
 22159 | Spider:2 | Reached skill level 17 in Maces & Flails
 22438 | Spider:2 | Noticed Arachne
 22453 | Spider:2 | Killed Arachne
 22567 | Spider:2 | Noticed Aizul
 22580 | Spider:2 | Killed Aizul
 22744 | Spider:2 | Reached XP level 16. HP: 115/127 MP: 0/16
 22777 | Spider:2 | Lost mutation: Your translucent skin slightly reduces your
                  | foes' accuracy. (Stealth+) [Jiyva's grace]
 22777 | Spider:2 | Gained mutation: You passively map a small area around you.
                  | [Jiyva's grace]
 22777 | Spider:2 | Gained mutation: You passively map the area around you.
                  | [Jiyva's grace]
 22777 | Spider:2 | Gained mutation: You passively map a large area around you.
                  | [Jiyva's grace]
 22777 | Spider:2 | Gained mutation: You have a pair of small horns on your
                  | head. [Jiyva's grace]
 22793 | Spider:2 | Reached skill level 18 in Maces & Flails
 23496 | Spider:4 | Entered Level 4 of the Spider Nest
 23597 | Spider:4 | magus.rc [v1.9.6]
 23762 | Spider:4 | HP: 28/127 [steelbarb worm (16)]
 23773 | Spider:4 | HP: 29/127 [barbs]
 23841 | Spider:4 | Reached skill level 19 in Maces & Flails
 23998 | Spider:4 | Got a gossamer rune of Zot
 24108 | Spider:4 | Blown up by an orb spider

Vanquished Creatures
  Arachne (Spider:2)
  Jorgrun (D:15)
  Gastronok (D:11)
  A tengu reaver (D:15)
  A frost giant (D:15)
  2 emperor scorpions
  3 ghost moths
  Aizul (Spider:2)
  The ghost of BleedingAnus the Warrior, a journeyman MiFi of Trog (Orc:1)
  A stone giant (D:15)
  2 broodmothers (Spider:2)
  2 ettins (D:15)
  5 entropy weavers
  An ice dragon (D:15)
  5 hydras
  3 centaur warriors
  3 jorogumos (Spider:4)
  5 boulder beetles
  A radroach (Spider:2)
  6 two-headed ogres
  2 deep troll earth magi (D:15)
  A tengu warrior (D:12)
  A skyshark (Lair:5)
  Amaemon (D:10)
  A goliath frog (Lair:5)
  2 pharaoh ants
  7 orb spiders
  A deep troll (Spider:4)
  5 sun moths
  A phantasmal warrior (D:15)
  A wizard (D:14)
  A bog body (Lair:2)
  Pikel (D:4)
  7 steelbarb worms
  A harpy (D:15)
  14 ugly things
  14 wolf spiders
  3 deep elf pyromancers
  6 orc sorcerers (Orc:2)
  A cyclops (D:15)
  3 manticores
  3 moths of wrath
  2 black mambas (Lair:5)
  An orange demon (D:10)
  10 elephants
  13 cane toads
  2 demonic crawlers
  2 unseen horrors (D:12)
  3 rime drakes
  4 torpor snails
  4 komodo dragons
  2 efreet
  A queen bee (Lair:2)
  8 trolls
  5 meliai
  29 tarantellas
  3 tyrant leeches (Lair:5)
  3 hornets
  2 polar bears
  26 blink frogs
  7 dream sheep
  25 jumping spiders
  16 culicivoras
  2 shadows
  A vampire (D:13)
  A ynoxinul (D:9)
  2 wraiths
  46 yaks
  14 wyverns
  44 redbacks
  14 vampire mosquitoes
  12 wargs
  9 basilisks
  3 steam dragons
  2 acid dragons
  Duvessa (D:7)
  14 water moccasins
  11 orc warriors
  3 ice beasts
  A sky beast (D:7)
  13 wolves
  9 centaurs
  A lemure (D:4)
  4 ogres
  2 phantoms
  2 kobold brigands
  14 bullfrogs
  A gnoll sergeant (D:8)
  4 scorpions
  5 wights (D:10)
  Dowan (D:7)
  43 killer bees
  10 electric eels
  3 howler monkeys
  2 lava snakes (Lair:5)
  15 orc priests
  2 hounds
  A jelly (D:6)
  5 iguanas
  35 orc wizards
  2 sleepcaps
  4 hell rats (Lair:1)
  8 mummies (Ossuary)
  Robin (D:2)
  8 gnolls (D:8)
  5 adders
  A shadow imp (D:5)
  A white imp (D:7)
  A worm (D:3)
  2 dart slugs
  93 orcs
  7 ball pythons
  4 endoplasms
  2 giant cockroaches
  2 gnoll zombies (Ossuary)
  17 goblins
  9 hobgoblins
  11 kobolds
  2 quokkas
  5 bats
  2 frilled lizards
  4 hobgoblin zombies (Ossuary)
  A kobold zombie (Ossuary)
  An orc zombie (Ossuary)
  5 rats
841 creatures vanquished.

Vanquished Creatures (collateral kills)
  A fire dragon (D:15)
  A boulder beetle (D:14)
  2 orb spiders
4 creatures vanquished.

Vanquished Creatures (others)
  2 guardian mummies (D:12)
  A vampire (D:12)
  A basilisk (D:13)
  2 redbacks
  A swamp worm (shapeshifter) (D:15)
  A floating eye (shapeshifter) (D:15)
  An orc warrior (D:14)
  An ogre (Orc:2)
  27 jellies
  2 orc wizards
  An adder (D:6)
  6 orcs
  34 fungi
  134 plants
  A withered plant (D:14)
215 creatures vanquished.

Grand Total: 1060 creatures vanquished

Table legend:
 A = Non-vault XP
 B = Vault XP
 C = Vault XP percentage of total XP
 D = Non-vault monster count
 E = Vault monster count
 F = Vault count percentage of total count
                 A         B        C        D         E       F
            +---------+---------+-------+---------+---------+-------
      Total |  113009 |   78119 |  40.9 |     548 |     296 |  35.1
            +---------+---------+-------+---------+---------+-------
        D:1 |      21 |       0 |   0.0 |      13 |       0 |   0.0
        D:2 |      52 |      34 |  39.5 |      20 |      12 |  37.5
        D:3 |      20 |       0 |   0.0 |       9 |       0 |   0.0
        D:4 |     356 |     641 |  64.3 |      18 |       1 |   5.3
        D:5 |     176 |       0 |   0.0 |       7 |       0 |   0.0
        D:6 |    1426 |       0 |   0.0 |      32 |       0 |   0.0
        D:7 |     890 |     215 |  19.5 |      12 |       2 |  14.3
        D:8 |    1484 |    1001 |  40.3 |      28 |       4 |  12.5
        D:9 |    2213 |     512 |  18.8 |      23 |       2 |   8.0
       D:10 |    3058 |    1226 |  28.6 |      27 |       2 |   6.9
       D:11 |     958 |    1620 |  62.8 |       4 |      18 |  81.8
       D:12 |    4487 |       0 |   0.0 |      17 |       0 |   0.0
       D:13 |    3728 |     734 |  16.5 |      14 |       2 |  12.5
       D:14 |    7419 |    2417 |  24.6 |      14 |       7 |  33.3
       D:15 |    7473 |   13441 |  64.3 |      15 |      15 |  50.0
     Lair:1 |    3744 |       0 |   0.0 |      23 |       0 |   0.0
     Lair:2 |    4467 |    6369 |  58.8 |      23 |      43 |  65.2
     Lair:3 |    5156 |    1288 |  20.0 |      19 |       6 |  24.0
     Lair:4 |    3861 |    3555 |  47.9 |      16 |       9 |  36.0
     Lair:5 |   11521 |   11000 |  48.8 |      46 |      35 |  43.2
   Spider:1 |   15246 |       0 |   0.0 |      53 |       0 |   0.0
   Spider:2 |   20394 |    3388 |  14.2 |      46 |       2 |   4.2
   Spider:3 |    6657 |       0 |   0.0 |      12 |       0 |   0.0
   Spider:4 |    5561 |   22336 |  80.1 |      15 |      47 |  75.8
      Orc:1 |    1449 |    3411 |  70.2 |      28 |      11 |  28.2
      Orc:2 |    1192 |    4777 |  80.0 |      14 |      62 |  81.6
    Ossuary |       0 |     154 | 100.0 |       0 |      16 | 100.0
            +---------+---------+-------+---------+---------+-------

Illustrated notes

Table legend:
 A = Kills in this place as a percentage of kills in the entire game.
 B = Kills by you in this place as a percentage of kills by you in the entire game.
 C = Kills by friends in this place as a percentage of kills by friends in the entire game.
 D = Other kills in this place as a percentage of other kills in the entire game.
 E = Experience gained in this place as a percentage of experience gained in the entire game.
 F = Experience gained in this place divided by the number of levels of this place that you have seen.
                   A       B       C       D       E      F
               +-------+-------+-------+-------+-------+----------------------
         Total | 100.0 | 100.0 | 100.0 |   N/A | 100.0 | 5791.8
       Dungeon |  37.7 |  37.6 |  50.0 |   N/A |  29.1 | 3706.8
          Lair |  26.1 |  26.2 |   0.0 |   N/A |  26.7 | 10192.2
   Spider Nest |  20.7 |  20.6 |  50.0 |   N/A |  38.5 | 18395.5
  Orcish Mines |  13.6 |  13.7 |   0.0 |   N/A |   5.7 | 5414.5
       Ossuary |   1.9 |   1.9 |   0.0 |   N/A |   0.1 | 154.0
               +-------+-------+-------+-------+-------+----------------------

Table legend: (Time is in decaauts)
 A = Elapsed time spent in this place.
 B = Non-inter-level travel time spent in this place.
 C = Inter-level travel time spent in this place.
 D = Time resting spent in this place.
 E = Time spent auto-exploring this place.
 F = Levels seen in this place.
 G = Mean time per level.
                   A        B        C        D        E       F      G
               +--------+--------+--------+--------+--------+-----+--------+
         Total |  23913 |  21918 |   1995 |    556 |  16564 |  33 |  724.6 |
       Dungeon |  12794 |  11630 |   1164 |    380 |   8903 |  15 |  852.9 |
        Temple |     81 |     67 |     14 |      0 |     58 |   1 |   81.0 |
          Lair |   5475 |   4971 |    504 |     17 |   3841 |   5 | 1095.0 |
   Spider Nest |   2693 |   2589 |    104 |    159 |   1756 |   4 |  673.2 |
    Slime Pits |   1332 |   1230 |    102 |      0 |   1082 |   5 |  266.4 |
  Orcish Mines |   1365 |   1260 |    105 |      0 |    822 |   2 |  682.5 |
       Ossuary |    171 |    171 |      0 |      0 |    100 |   1 |  171.0 |
               +--------+--------+--------+--------+--------+-----+--------+

Top non-repeatable levels by time:
  Lair:5: 1352 daAuts
    D:15: 1294 daAuts
  Lair:4: 1219 daAuts
     D:8: 1219 daAuts
  Lair:2: 1121 daAuts
     D:2: 1022 daAuts
Spider:2: 1005 daAuts
     D:6: 993 daAuts
     D:9: 972 daAuts
  Lair:3: 971 daAuts
    D:10: 909 daAuts
     D:5: 862 daAuts
    D:12: 831 daAuts
  Lair:1: 810 daAuts
     D:7: 806 daAuts
